Map: Miner Evacuation

Players

fraer

  • Race: Protoss Protoss
  • Spawn Location: 7:00

NamroodTuo

  • Race: Zerg Zerg

VOD

Have the link to the VOD?

Description

Time

  • Played on: May 19, 2023, 8:18 a.m.
  • Length: 26:32
Show
View Real Time Build Order
Export as new Build Order

fraer Protoss 

Build Orders:  

Get SALT Encoding   

  12  0:13  Probe (Chrono Boost)  
  13  0:25  Probe (Chrono Boost)  
  14  0:37  Probe (Chrono Boost)  
  15  0:49  Probe (Chrono Boost)  
  16  1:01  Probe (Chrono Boost), Gateway  
  16  1:07  Assimilator  
  16  1:09  Assimilator  
  17  1:14  Probe (Chrono Boost)  
  18  1:26  Probe (Chrono Boost)  
  19  1:47  Probe (Chrono Boost)  
  20  1:59  Probe (Chrono Boost)  
  21  2:17  Probe (Chrono Boost)  
  22  2:29  Probe (Chrono Boost)  
  23  2:30  Pylon  
  23  2:39  Cybernetics Core  
  23  2:41  Probe (Chrono Boost)  
  24  2:53  Probe (Chrono Boost)  
  25  3:05  Probe (Chrono Boost)  
  25  3:06  Forge  
  25  3:07  Forge  
  26  3:16  Zealot  
  26  3:17  Probe (Chrono Boost), Zealot x2  
  33  3:37  Twilight Council  
  33  3:44  Probe (Chrono Boost)  
  34  3:56  Probe (Chrono Boost)  
  35  4:09  Probe (Chrono Boost)  
  36  4:14  Whirlwind  
  36  4:15  Protoss Ground Armor Level 1  
  36  4:19  Zealot x2  
  40  4:51  Dragoon  
  40  4:59  Protoss Ground Weapons Level 1  
  42  5:11  Dragoon  
  38  6:02  Zealot  
  36  6:15  Gateway  
  36  6:18  Gateway  
  36  6:21  Gateway x2  
  36  6:30  Trillic Compresion Mesh  
  36  6:58  Dragoon x2  
  40  7:18  Protoss Ground Weapons Level 2  
  40  7:35  Nexus  
  40  7:39  Assimilator  
  40  7:41  Assimilator  
  40  7:49  Protoss Ground Armor Level 2  
  40  8:00  Singularity Charge  
  38  9:18  Probe (Chrono Boost)  
  39  9:27  Probe (Chrono Boost)  
  41  9:30  Probe (Chrono Boost)  
  42  9:42  Probe (Chrono Boost)  
  42  9:44  Probe (Chrono Boost)  
  43  9:58  Probe (Chrono Boost)  
  45  10:01  Probe (Chrono Boost)  
  46  10:15  Probe (Chrono Boost)  
  46  10:18  Probe (Chrono Boost)  
  47  10:23  Zealot  
  47  10:24  Zealot x5  
  47  10:25  Zealot x4  
  47  10:26  Zealot  
  71  10:32  Probe (Chrono Boost)  
  71  10:35  Probe (Chrono Boost)  
  71  10:49  Probe (Chrono Boost)  
  73  10:52  Probe (Chrono Boost)  
  73  11:05  Probe (Chrono Boost)  
  73  11:09  Probe (Chrono Boost)  
  70  11:22  Probe (Chrono Boost)  
  70  11:26  Probe (Chrono Boost)  
  57  11:36  Dragoon x5  
  57  11:37  Dragoon x4  
  57  11:38  Dragoon x2  
  77  11:59  Zealot  
  79  12:00  Zealot x3  
  85  12:43  Dragoon  
  85  12:44  Dragoon x4  
  85  12:45  Dragoon x2  
  81  14:30  Protoss Ground Weapons Level 3  
  81  14:31  Protoss Ground Armor Level 3  
  81  14:37  Robotics Facility  
  81  14:39  Robotics Facility  
  81  14:42  Robotics Facility  
  75  16:11  Dragoon x2  
  75  16:12  Dragoon x4  
  75  16:13  Dragoon x3  
  75  16:14  Dragoon x3  
  97  16:39  Observer  
  94  16:40  Observer x4  
  88  17:39  Robotics Bay  
  86  20:01  Protoss Shields Level 1  
  86  20:20  Reaver  
  86  20:21  Reaver x2  
  86  20:22  Reaver x2  
  86  20:23  Reaver  
  86  20:24  Reaver  
  86  20:25  Scarab Housing, Reaver  
  134  20:52  Dragoon  
  134  20:53  Dragoon x4  
  134  20:54  Dragoon x4  
  134  20:55  Dragoon  
  134  20:56  Dragoon x4  
  134  20:57  Dragoon  
  134  20:59  Solarite Payload  
  148  24:05  Zealot x3  
  148  24:06  Zealot x3  
  148  24:07  Dragoon  
  148  24:08  Dragoon x3  
  168  24:12  Reaver  
  168  24:13  Reaver x2  
  168  24:14  Reaver x2  
Show
View Real Time Build Order
Export as new Build Order

NamroodTuo Zerg 

Build Orders:  

Get SALT Encoding   

  12  0:06  Infested SCV  
  13  0:28  Infested Barracks  
  13  0:33  Infested SCV  
  13  0:39  Infested SCV  
  15  0:51  Overlord  
  15  1:18  Infested SCV  
  16  1:25  Infested SCV  
  16  1:29  Infestation Level 1  
  17  1:32  Infested SCV  
  18  1:41  Infested SCV  
  18  1:44  Infested SCV  
  20  1:53  Overlord  
  20  2:06  Infested Refinery  
  20  2:15  Infested SCV  
  21  2:24  Infested Refinery  
  21  2:25  Infested SCV  
  22  2:41  Infested SCV  
  22  2:49  Infested Engineering Bay  
  23  3:04  Infested SCV  
  24  3:14  Overlord  
  24  3:28  Infested Barracks  
  24  3:30  Infested Barracks Tech Lab  
  24  3:42  Infestation Level 2  
  24  3:46  Infested SCV  
  24  3:48  Overlord  
  25  4:24  Stukov Infantry Weapons Level 1  
  25  4:45  Infested Factory  
  25  5:14  Infested SCV  
  25  5:15  Infested SCV x2  
  25  5:16  Infested SCV  
  25  5:17  Infested SCV  
  30  5:28  Infested Bunker  
  34  5:41  Infested Marine x5  
  34  5:42  Anaerobic Enhancement, Infested Marine x5  
  44  6:23  Overlord x2  
  44  6:37  Retinal Augmentation  
  44  6:42  Broodling Gestation  
  41  7:04  Regenerative Plating  
  41  7:08  Infested Bunker  
  45  7:10  Infested Missile Turret  
  45  7:39  Infested Command Center  
  38  7:56  Infested Missile Turret  
  38  8:04  Stukov Infantry Armor Level 1  
  42  8:51  Infested Bunker  
  42  8:54  Plagued Munitions  
  42  9:10  Infested Armory  
  42  9:23  Infested SCV x3  
  45  9:38  Infested Missile Turret  
  45  9:59  Infested Bunker  
  49  10:00  Overlord  
  49  10:01  Infested SCV  
  50  10:16  Infested Colonist Compound  
  50  10:17  Aggressive Incubation  
  50  10:21  Infested SCV  
  51  10:38  Infested SCV  
  51  10:39  Infested SCV  
  53  10:44  Stukov Infantry Weapons Level 2  
  53  11:06  Unknown  
  53  11:13  Infested Bunker  
  57  12:01  Infested Missile Turret  
  57  12:16  Overlord  
  57  12:17  Overlord, Infested SCV x3, Infested Bunker  
  68  12:43  Infested Bunker  
  68  12:44  Stukov Vehicle and Ship Weapons Level 1  
  68  13:03  Infestation Level 3  
  68  13:07  Infested SCV  
  69  13:10  Infested SCV  
  69  13:11  Infested SCV  
  70  13:54  Calcified Armor  
  70  14:27  Infested SCV x3  
  70  14:28  Infested SCV x2  
  75  14:54  Stukov Infantry Armor Level 2  
  75  15:12  Overlord x2  
  75  15:18  Infested Refinery  
  75  15:23  Infested Refinery  
  75  15:24  Stukov Vehicle and Ship Armor Level 1  
  75  15:34  Infested Marine  
  75  15:35  Infested Marine x18  
  75  15:36  Infested Marine  
  95  15:44  Infested Bunker  
  103  16:01  Infested Bunker  
  107  16:22  Infested Bunker  
  107  16:23  Infested Marine  
  107  16:24  Infested Marine x9  
  112  16:32  Infested Missile Turret  
  112  16:38  Overseer  
  112  16:39  Overseer x4  
  104  16:49  Infested Missile Turret  
  97  16:59  Infested Marine x2  
  99  17:00  Infested Marine x5  
  108  17:46  Infested Bunker  
  116  17:58  Overlord x4  
  116  17:59  Overlord x4  
  116  18:00  Overlord x2  
  116  18:04  Stukov Infantry Weapons Level 3  
  105  18:37  Infested Bunker  
  99  19:28  Infested Bunker  
  99  19:40  Infested SCV x3  
  99  19:41  Infested SCV x2  
  104  20:02  Stukov Vehicle and Ship Armor Level 2  
  104  20:07  Infested Factory Tech Lab  
  104  20:18  Infested Bunker  
  116  20:54  Infested Bunker  
  116  21:08  Infested Bunker  
  116  21:28  Infested Marine  
  116  21:29  Infested Marine x14  
  131  21:30  Infested Marine x5  
  131  21:39  Infested Barracks  
  136  21:43  Stukov Infantry Armor Level 3  
  136  21:45  Infested Barracks  
  136  21:49  Infested Marine  
  137  21:50  Infested Marine x3  
  140  22:11  Infested Marine  
  140  22:12  Infested Marine x3  
  143  22:42  Infested SCV x4  
  119  24:37  Infested Missile Turret  
  119  24:43  Infested Missile Turret  
  119  24:47  Infested Missile Turret  
  119  24:54  Infested Marine  
  119  24:55  Infested Marine x6  
  119  24:56  Infested Marine x20  
  119  24:57  Infested Marine x19  
  119  24:58  Infested Marine x6  
  171  25:10  Overlord x3  
  171  25:11  Overlord x4  
  171  25:12  Overlord x3  
  161  26:01  Infested Missile Turret  
Tags
 
Commander
ArtanisStukov
Matchup
Co-op
Replay Pack
Multiplayer
Add a new tag
Caveats
  • Supply blocks, unpowered buildings, or Contaminate may cause inaccurate times.
  • Supply counts are checked every 10 seconds.